 Dungeon Crawl Stone Soup version 0.29-a0-1027-gcd8c55af63 (webtiles) character file.

Game seed: 9171770211729254826

340911 rngdf the Imperceptible (level 21, -6/168 HPs)
             Began as a Spriggan Enchanter on Aug 12, 2022.
             Was the Champion of Dithmenos.
             Killed from afar by a titan (8 damage)
             ... with a bolt of lightning
             ... on level 4 of the Vaults on Aug 13, 2022.
             The game lasted 02:03:02 (44585 turns).

rngdf the Imperceptible (Spriggan Enchanter)       Turns: 44585, Time: 02:03:03

Health: -6/168     AC: 19    Str: 12    XL:     21   Next: 8%
Magic:  34/47      EV: 33    Int: 18    God:    Dithmenos [******]
Gold:   4385       SH:  0    Dex: 19    Spells: 24/63 levels left

rFire   + . .      SeeInvis +   S - +8 Vampire's Tooth {vamp}
rCold   + . .      Faith    .   (no shield)
rNeg    . . .      Spirit   .   u - +5 steam dragon scales
rPois   +          Reflect  .   h - +3 crown of Dyrovepreva {rElec Int+2 SInv}
rElec   +          Harm     .   O - +1 cloak {rPois}
rCorr   +          Rampage  .   (gloves unavailable)
Will    +++..      Clarity  +   (boots unavailable)
Stlth   ..........              D - amulet "Xoippuq" {Regen+ rCorr}
HPRegen 1.18/turn               j - +4 ring of protection
MPRegen 0.30/turn               d - +4 ring of slaying

@: berserking (expiring), confusing by touch, wreathed by umbra, studying 3
skills, very quick
A: very small, no large weapons, unfitting armour, see invisible, speed 3,
clarity, cold resistance 1, fire resistance 1
}: 2/15 runes: decaying, serpentine
a: Renounce Religion, Shadow Step, Shadow Form


You were on level 4 of the Vaults.
You worshipped Dithmenos.
Dithmenos was exalted by your worship.
You visited 7 branches of the dungeon, and saw 35 of its levels.
You also visited: Bailey, Gauntlet, Volcano and Desolation.

You collected 4630 gold pieces.
You spent 245 gold pieces at shops.

Inventory:

Hand Weapons
 c - a +2 quick blade of protection
 J - the +7 lajatang of Order {silver, rMut}
   (You found it in the Desolation of Salt)

   It inflicts extra damage upon those it strikes, and deals substantially
   increased damage to chaotic, mutated and magically transformed beings.
   rMut:      It protects you from mutation.
 S - the +8 Vampire's Tooth (weapon) {vamp}
   (You acquired it in a Gauntlet)

   It occasionally heals its wielder for the full amount of damage dealt when it
   wounds a living foe.
Missiles
 r - 7 curare-tipped darts (quivered)
 H - 9 atropa-tipped darts
Armour
 h - the +3 crown of Dyrovepreva (worn) {rElec Int+2 SInv}
   (You acquired it on level 15 of the Dungeon)

   Int:       It affects your intelligence (+2).
   rElec:     It insulates you from electricity.
   SInv:      It lets you see invisible.
 u - +5 steam dragon scales (worn)
 E - a +1 hat of stealth
 O - a +1 cloak of poison resistance (worn)
Jewellery
 d - a +4 ring of slaying (right hand)
 j - a +4 ring of protection (left hand)
 q - a +4 ring of protection
 D - the amulet "Xoippuq" (around neck) {Regen+ rCorr}
   (You acquired it in a bailey)

   [amulet of regeneration]

   Regen:     It increases your rate of health regeneration.
   rCorr:     It protects you from acid and corrosion.
 M - a +4 ring of protection
 R - the ring "Ulaileekk" {rC++ EV+4 Str-2 Dex+4}
   (You found it in a Gauntlet)

   [ring of evasion]

   EV:        It affects your evasion (+4).
   Str:       It affects your strength (-2).
   Dex:       It affects your dexterity (+4).
   rC:        It greatly protects you from cold.
 U - the ring of Colop {rPois AC+4 Dex+2}
   (You found it in a Gauntlet)

   [ring of protection]

   AC:        It affects your AC (+4).
   Dex:       It affects your dexterity (+2).
   rPois:     It protects you from poison.
Wands
 i - a wand of flame (84)
 n - a wand of charming (8)
 x - a wand of iceblast (16)
 y - a wand of polymorph (29)
 A - a wand of mindburst (34)
 I - a wand of acid (4)
 Q - a wand of digging (14)
Scrolls
 e - a scroll of magic mapping
 m - 11 scrolls of teleportation
 s - 4 scrolls of poison
 t - 2 scrolls of amnesia
 z - 2 scrolls of vulnerability
 C - a scroll of fog
 F - 2 scrolls of immolation
 G - a scroll of blinking
 N - 2 scrolls of torment
 V - a scroll of fear
Potions
 a - a potion of might
 b - 8 potions of curing
 f - 4 potions of haste
 g - 9 potions of cancellation
 k - a potion of heal wounds
 l - 2 potions of flight
 o - a potion of ambrosia
 p - 3 potions of brilliance
 v - 4 potions of lignification
 B - 4 potions of resistance
 K - 3 potions of mutation
 L - a potion of invisibility
 P - 3 potions of berserk rage
Miscellaneous
 w - a box of beasts
 T - a phial of floods


   Skills:
 + Level 12.5 Fighting
 - Level 12.0 Short Blades
 + Level 18.9 Dodging
 + Level 23.8 Stealth
 + Level 21.7 Spellcasting
 + Level 21.7 Hexes
 - Level 11.0 Earth Magic


You had 24 spell levels left.
You knew the following spells:

 Your Spells              Type           Power      Damage    Failure   Level
a - Ensorcelled Hibernat  Hex/Ice        100%       N/A       1%          2
b - Tukima's Dance        Hex            78%        N/A       0%          3
c - Dazzling Flash        Conj/Hex       100%       N/A       1%          3
d - Confusing Touch       Hex            78%        N/A       0%          3
e - Enfeeble              Hex            39%        N/A       1%          7
f - Apportation           Tloc           38%        N/A       2%          1
g - Stone Arrow           Conj/Erth      78%        3d11      1%          3
h - Cause Fear            Hex            39%        N/A       0%          4
i - Discord               Hex            39%        N/A       1%          8
j - Lee's Rapid Deconstr  Erth           28%        3d16*     1%          5

Your spell library contained the following spells:

 Spells                   Type           Power      Damage    Failure   Level
 Sandblast                Erth           100%       2d20      1%          1
 Passwall                 Tmut/Erth      32%        N/A       1%          2
 Inner Flame              Hex/Fire       56%        N/A       1%          3
 Summon Guardian Golem    Hex/Summ       56%        N/A       1%          3
 Anguish                  Hex/Necr       28%        N/A       1%          4
 Leda's Liquefaction      Hex/Erth       34%        N/A       1%          4
 Metabolic Englaciation   Hex/Ice        28%        N/A       1%          5
 Silence                  Hex/Air        28%        N/A       1%          5
 Summon Mana Viper        Hex/Summ       56%        N/A       1%          5
 Yara's Violent Unravell  Hex/Tmut       28%        3d12      1%          5
 Magic Dart               Conj           76%        1d6       2%          1
 Necrotise                Necr           76%        1d7       2%          1
 Sting                    Tmut/Pois      76%        1d6       2%          1
 Summon Small Mammal      Summ           76%        N/A       2%          1
 Petrify                  Tmut/Erth      39%        N/A       2%          4
 Call Imp                 Summ           19%        N/A       3%          2
 Poisonous Vapours        Pois/Air       38%        N/A       3%          2
 Scorch                   Fire           38%        2d6       3%          2
 Static Discharge         Conj/Air       19%        3-6/arc   3%          2
 Call Canine Familiar     Summ           19%        N/A       7%          3
 Gell's Gravitas          Tloc           19%        N/A       7%          3
 Ignite Poison            Fire/Tmut/Pois 19%        N/A       7%          3
 Mephitic Cloud           Conj/Pois/Air  19%        N/A       7%          3
 Ozocubu's Armour         Ice            19%        N/A       7%          3
 Teleport Other           Tloc           19%        N/A       7%          3
 Borgnjor's Vile Clutch   Necr/Erth      19%        N/A       7%          5
 Animate Dead             Necr           19%        N/A       24%         4
 Corpse Rot               Necr/Pois/Air  19%        N/A       24%         4
 Dispel Undead            Necr           19%        3d11      24%         4
 Flame Wave               Conj/Fire      19%        2d7       24%         4
 Iskenderun's Mystic Bla  Conj/Tloc      19%        2d6       24%         4
 Olgreb's Toxic Radiance  Pois           19%        N/A       24%         4
 Sticky Flame             Conj/Fire      19%        2d4       24%         4
 Iron Shot                Conj/Erth      19%        9d4       36%         6
 Statue Form              Tmut/Erth      26%        N/A       36%         6
 Agony                    Necr           19%        N/A       54%         5
 Alistair's Intoxication  Tmut/Pois      12%        N/A       54%         5
 Fireball                 Conj/Fire      9%         3d6       54%         5
 Freezing Cloud           Conj/Ice/Air   9%         6-21      54%         5
 Irradiate                Conj/Tmut      9%         3d14      54%         5
 Iskenderun's Battlesphe  Conj           19%        2d7       54%         5
 Summon Forest            Summ/Tloc      9%         N/A       54%         5
 Conjure Ball Lightning   Conj/Air       9%         3x3d6     98%         6
 Dispersal                Tloc           9%         N/A       98%         6
 Eringya's Noxious Bog    Tmut/Pois      9%         N/A       98%         6
 Simulacrum               Ice/Necr       9%         N/A       98%         6
 Starburst                Conj/Fire      9%         6d5       98%         6
 Summon Cactus Giant      Summ           9%         N/A       98%         6
 Haunt                    Necr/Summ      9%         N/A       100%        7
 Orb of Destruction       Conj           9%         9d6       100%        7
 Ignition                 Fire           9%         3d5       100%        8
 Infestation              Necr           9%         N/A       100%        8
 Necromutation            Tmut/Necr      9%         N/A       100%        8


Dungeon Overview and Level Annotations

Branches:
Dungeon (15/15)            Temple (1/1) D:4            Lair (5/5) D:10
  Swamp (4/4) Lair:3        Snake (4/4) Lair:3        Slime (0/5) Lair:4
    Orc (2/2) D:12            Elf (0/3) Orc:2        Vaults (4/5) D:13
  Crypt (0/3) Vaults:2     Depths (0/4) D:15         Bailey (visited)
Volcano (visited)         Desolation (visited)      Gauntlet (visited)

Altars:
Ashenzari
Cheibriados
Dithmenos
Elyvilon
Fedhas
Gozag
Hepliaklqana
Kikubaaqudgha
Nemelex Xobeh
Okawaru
Qazlal
Sif Muna
Trog
Uskayaw
Vehumet
Wu Jian
Xom
Yredelemnul
Zin
The Shining One

Shops:
Orc:2 :*([(   Snake:4 [*   Vaults:1 [

Portals:
Trove: D:13 (give 15 scrolls of teleportation)

Annotations:
D:11 3 runed translucent doors, Solarlight's ghost, journeyman DsFi


Innate Abilities, Weirdness & Mutations

You are very small and have problems with some larger weapons.
You are too small for most types of armour.
You have supernaturally acute eyesight. (SInv)
You cover ground extremely quickly. (Speed+++)
You possess an exceptional clarity of mind.
Your flesh is cold resistant. (rC+)
Your flesh is heat resistant. (rF+)


Message History

The titan is moderately wounded.
You hit the titan but do no damage.
The titan is moderately wounded.
You hit the titan but do no damage.
The titan is moderately wounded.
You hit the titan but do no damage.
The titan is moderately wounded.
Your shadow hits the titan but does no damage.
You hit the titan but do no damage.
The titan is moderately wounded.
The titan completely misses you.
You hit the titan but do no damage.
The titan is moderately wounded.
You hit the titan but do no damage.
The titan is moderately wounded.
You hit the titan but do no damage.
The titan is moderately wounded.
Your shadow hits the titan but does no damage.
You hit the titan but do no damage.
The titan is moderately wounded.
A yaktaur comes into view.
The titan hits you!
* * * LOW HITPOINT WARNING * * *
You hit the titan but do no damage.
The titan is moderately wounded.
Your shadow hits the titan but does no damage.
You hit the titan but do no damage.
The titan is moderately wounded.
You hit the titan but do no damage.
The titan is moderately wounded.
Your shadow hits the titan but does no damage.
You hit the titan but do no damage.
The titan is moderately wounded.
You hit the titan but do no damage.
The titan is moderately wounded.
Your shadow hits the titan but does no damage.
A yaktaur comes into view.
The titan points at you and mumbles some strange words.
The bolt of lightning hits you! You resist.
You die...

#..'.'..##.. #..'.'..##c.#
#..'.'..##.c# #..8#8..##..#
#...#...##.p##########.
#######'######..§..§)......
.........).# #.)§§§........
.##.....##.######C#########
..##...##..'..§.@§#
...##.##...#....§.#
....###....#...)..#
...##.##..)#....).#
..##...##..#......#
.##.....##.#......#
........)..#......#
######)#####......# ######
#......# #......# ####....#


You could see a titan, a vault sentinel and 2 yaktaurs.

Vanquished Creatures
  Mara (Vaults:3)
  Bai Suzhen (Vaults:3)
  Saint Roka (Vaults:3)
  Rupert (D:13)
  Zenata (Vaults:4)
  Jorgrun (D:15)
  A tentacled monstrosity (Swamp:2)
  A sphinx (Vaults:4)
  Agnes (Snake:1)
  3 nagarajas (Snake:4)
  An imperial myrmidon (Desolation)
  5 vault wardens
  Aizul (Snake:1)
  9 ironbound preservers
  5 orc warlords
  2 war gargoyles
  Nessos (D:15)
  6 ironbound thunderhulks
  2 eleionomae
  An entropy weaver (Vaults:1)
  A minotaur (Gauntlet)
  5 bunyips
  2 halazid warlocks (Desolation)
  5 dire elephants (Vaults:2)
  2 ettins
  Josephine (D:15)
  2 crystal guardians
  6 yaktaur captains
  A deep elf high priest (Vaults:2)
  A salamander tyrant (Snake:4)
  5 ragged hierophants (Desolation)
  4 servants of whispers (Desolation)
  3 great orbs of eyes
  A shambling mangrove (Swamp:4)
  Erolcha (D:12)
  6 peacekeepers
  4 boulder beetles
  9 vault guards
  6 anacondas
  A spriggan air mage (Swamp:4)
  18 hydras
  A catoblepas (Lair:5)
  A ghost crab (Swamp:3)
  3 ogre magi
  7 ironbound frosthearts
  A merfolk avatar (Lair:5)
  4 centaur warriors
  5 alligators
  14 two-headed ogres
  9 death yaks (Lair:4)
  13 naga warriors
  2 death knights
  A tengu warrior (D:15)
  2 orc high priests
  10 naga sharpshooters
  3 hell knights
  7 shock serpents
  2 spriggan berserkers (Swamp:4)
  Urug (D:10)
  2 salamander mystics
  Nergalle (D:10)
  6 goliath frogs
  6 skeletal warriors (D:13)
  10 bog bodies
  2 sea snakes (Snake:2)
  2 spriggan druids
  3 wizards (Vaults:2)
  6 naga ritualists
  8 swamp dragons
  An orange crystal statue (D:12)
  14 deep trolls
  10 ironbound convokers
  A phantasmal warrior (D:14)
  A lindwurm (Lair:2)
  13 orc knights
  A necromancer (Vaults:3)
  11 ugly things
  A harpy (Lair:5)
  8 mana vipers
  3 orc sorcerers
  3 will-o-the-wisps
  4 cyclopes
  2 manticores (Lair:5)
  A moth of wrath (shapeshifter) (Vaults:3)
  10 salamanders
  6 elephants (Lair:2)
  39 black mambas
  6 guardian serpents
  12 naga magi
  13 vault sentinels
  A torpor snail (Lair:4)
  5 rime drakes
  14 cane toads
  2 gargoyles
  11 yaktaurs
  3 efreet
  7 komodo dragons
  2 freezing wraiths
  4 tengu conjurers
  A bloated husk (Swamp:2)
  3 meliai (D:15)
  2 wind drakes (Lair:5)
  6 polar bears
  6 tyrant leeches
  54 saltlings
  5 trolls
  3 hornets
  4 dream sheep
  16 slime creatures
  A snapping turtle (Lair:5)
  23 blink frogs
  A centaur simulacrum (D:13)
  A dancing weapon (D:13)
  3 shadows
  6 wyverns
  26 yaks
  4 wraiths
  A fire elemental (Gauntlet)
  2 steam dragons
  3 redbacks (Vaults:1)
  23 vampire mosquitoes
  11 swamp worms
  2 wargs
  2 acid dragons
  35 nagas
  16 water moccasins
  4 hell hounds
  26 orc warriors
  2 sky beasts
  10 swamp drakes
  An ice beast (D:6)
  3 black bears
  A deep troll simulacrum (Vaults:3)
  7 ogres
  4 wolves (Lair:1)
  9 centaurs
  A phantom (D:12)
  13 bullfrogs
  Blork the orc (D:6)
  A glowing shapeshifter simulacrum (Vaults:3)
  2 kobold brigands (D:9)
  4 scorpions
  2 gnoll sergeants
  A necrophage (D:6)
  4 wights (D:8)
  12 killer bees
  3 troll zombies (D:12)
  10 electric eels
  5 howler monkeys
  4 lava snakes (D:12)
  2 hounds
  5 jellies
  11 orc priests
  A gnoll bouda (D:8)
  19 orc wizards
  2 iguanas (D:6)
  10 hell rats
  3 ogre zombies (D:12)
  14 gnolls
  8 adders
  A shadow imp (D:8)
  A white imp (D:5)
  An ufetubus (D:5)
  2 dart slugs (D:2)
  82 orcs
  5 endoplasms
  4 giant cockroaches
  16 goblins
  12 hobgoblins
  2 jackals (D:4)
  3 quokkas
  6 ball pythons
  9 bats
  4 frilled lizards
  2 goblin zombies (D:12)
  A hobgoblin zombie (D:12)
  20 kobolds
  3 orc skeletons (D:12)
  13 orc zombies (D:12)
  4 rats
1126 creatures vanquished.

Vanquished Creatures (collateral kills)
  Boris (Vaults:4)
  Margery (Vaults:3)
  Vashnia (Snake:4)
  2 nagarajas (Snake:4)
  A fire giant (Vaults:2)
  2 orc warlords (Vaults:4)
  6 vault wardens
  4 ironbound preservers
  An ironbound thunderhulk (Vaults:3)
  3 bunyips
  5 dire elephants
  2 ragged hierophants (Desolation)
  4 yaktaur captains
  A great orb of eyes (Vaults:2)
  3 servants of whispers (Desolation)
  2 hydras (Swamp:4)
  5 vault guards
  2 peacekeepers
  A two-headed ogre (D:8)
  An ironbound frostheart (Vaults:3)
  Erica (D:8)
  2 centaur warriors (Vaults:3)
  5 anacondas (Snake:4)
  4 naga warriors (Snake:4)
  A tengu warrior (D:15)
  4 naga sharpshooters (Snake:4)
  A deep elf knight (D:13)
  3 hell knights (Vaults:3)
  14 deep trolls
  3 swamp dragons
  A naga ritualist (Snake:4)
  3 wizards
  3 lindwurms (Vaults:2)
  5 ironbound convokers
  11 orc knights
  2 mana vipers (Snake:4)
  An ugly thing (Vaults:4)
  A shadow dragon skeleton (Vaults:3)
  3 salamanders (Snake:4)
  4 vault sentinels
  4 naga magi (Snake:4)
  Joseph (D:8)
  3 guardian serpents
  A black mamba (Snake:4)
  15 yaktaurs
  A bloated husk (Swamp:1)
  A tarantella (Vaults:3)
  A tyrant leech (Swamp:2)
  A hornet (Swamp:2)
  16 saltlings (Desolation)
  11 slime creatures
  2 spriggans (Swamp:2)
  2 redbacks (Vaults:3)
  A swamp worm (Swamp:4)
  14 nagas
  3 orc warriors
  5 swamp drakes
  An ogre (D:5)
  A centaur (D:8)
  2 orc priests (Vaults:3)
  An orc wizard (Vaults:3)
  6 gnolls
  A white imp (D:6)
  6 orcs
220 creatures vanquished.

Vanquished Creatures (others)
  An ironbound preserver (Vaults:1)
  A war gargoyle (Vaults:4)
  An entropy weaver (Vaults:3)
  2 halazid warlocks (Desolation)
  3 yaktaur captains
  A servant of whispers (Desolation)
  2 ragged hierophants (Desolation)
  A naga warrior (Snake:4)
  An ironbound frostheart (Vaults:2)
  A centaur warrior (Vaults:3)
  An anaconda (Snake:4)
  2 naga sharpshooters (Snake:4)
  2 hell knights (Vaults:3)
  A spriggan (Swamp:1)
  A wizard (Vaults:4)
  A naga ritualist (Snake:4)
  An ironbound convoker (Vaults:3)
  A lindwurm (Vaults:2)
  2 salamanders (Snake:4)
  2 guardian serpents (Snake:4)
  A naga mage (Snake:4)
  A yaktaur (Vaults:2)
  A hornet (Swamp:1)
  11 dancing weapons
  2 nagas (Snake:4)
  A wight (D:8)
  2 orcs
  8 foxfires
  21 fungi
  44 plants
120 creatures vanquished.

Grand Total: 1466 creatures vanquished

Notes
Turn   | Place    | Note
-------+----------+-------------------------------------------
     0 | D:1      | rngdf the Spriggan Enchanter began the quest for the Orb.
     0 | D:1      | Reached XP level 1. HP: 9/9 MP: 5/5
   120 | D:1      | Reached XP level 2. HP: 9/13 MP: 7/7
   123 | D:1      | Learned a level 2 spell: Ensorcelled Hibernation
   269 | D:1      | Gained mutation: You are dopey. (Int -2) [potion of
                  | mutation]
  1170 | D:2      | Found a faded altar of an unknown god.
  1228 | D:2      | Reached XP level 3. HP: 16/16 MP: 9/9
  1237 | D:2      | Learned a level 3 spell: Tukima's Dance
  1241 | D:2      | Learned a level 3 spell: Confusing Touch
  1926 | D:2      | Lost mutation: You are dopey. (Int -2) [potion of mutation]
  1926 | D:2      | Gained mutation: Your spells are a little harder to cast,
                  | but a little more powerful. [potion of mutation]
  1926 | D:2      | Gained mutation: Armour fits poorly on your strangely
                  | shaped body. [potion of mutation]
  1947 | D:2      | Reached XP level 4. HP: 21/21 MP: 11/11
  2001 | D:2      | Learned a level 3 spell: Dazzling Flash
  2010 | D:3      | Found a stormy altar of Qazlal.
  2055 | D:3      | Reached skill level 5 in Hexes
  2818 | D:4      | Reached skill level 5 in Spellcasting
  2818 | D:4      | Reached XP level 5. HP: 24/24 MP: 9/13
  2931 | D:4      | Reached skill level 5 in Stealth
  2931 | D:4      | Reached XP level 6. HP: 25/28 MP: 11/15
  3095 | D:4      | Found a staircase to the Ecumenical Temple.
  3117 | Temple   | Entered the Ecumenical Temple
  3202 | Temple   | Became a worshipper of Dithmenos the Shadowed
  3448 | D:4      | Reached skill level 6 in Stealth
  3539 | D:4      | Found a shimmering altar of Xom.
  3684 | D:5      | Entered Level 5 of the Dungeon
  3854 | D:5      | Noticed a water moccasin
  4044 | D:5      | Identified the +3 ring mail of Transparent Curiosity
                  | {Dex+7}
  4151 | D:5      | Reached XP level 7. HP: 32/32 MP: 17/17
  4391 | D:5      | Found an opulent altar of Gozag.
  4460 | D:5      | Reached skill level 7 in Stealth
  4797 | D:5      | Found a shimmering blue altar of Sif Muna.
  4880 | D:5      | Found a sparkling altar of Nemelex Xobeh.
  4983 | D:5      | Found a faded altar of an unknown god.
  4983 | D:5      | Found a faded altar of an unknown god.
  4990 | D:5      | Found a broken altar of Ashenzari.
  4992 | D:5      | Found a white marble altar of Elyvilon.
  4994 | D:5      | Found a snail-covered altar of Cheibriados.
  5164 | D:6      | Reached skill level 8 in Stealth
  5200 | D:6      | Reached XP level 8. HP: 21/36 MP: 11/20
  5460 | D:6      | Found an ancient bone altar of Kikubaaqudgha.
  5579 | D:6      | Noticed Blork the orc
  5604 | D:6      | Killed Blork the orc
  5680 | D:6      | Reached * piety under Dithmenos
  5804 | D:6      | Reached skill level 9 in Stealth
  5859 | D:6      | Found a hazy altar of Hepliaklqana.
  5992 | D:6      | Found a glowing golden altar of the Shining One.
  6133 | D:6      | Found a basalt altar of Yredelemnul.
  6209 | D:6      | Noticed an angel
  6314 | D:7      | Reached skill level 10 in Stealth
  6987 | D:7      | Reached XP level 9. HP: 39/39 MP: 22/22
  7632 | D:8      | Noticed Joseph
  7644 | D:8      | Noticed a two-headed ogre
  7665 | D:8      | Found a flagged portal.
  7672 | Bailey   | Entered a bailey
  7841 | Bailey   | Reached skill level 1 in Fighting
  8147 | Bailey   | Reached ** piety under Dithmenos
  8148 | Bailey   | Reached skill level 11 in Stealth
  8185 | Bailey   | Noticed an orc sorcerer
  8189 | Bailey   | Noticed a sixfirhy
  8194 | Bailey   | Killed an orc sorcerer
  8447 | Bailey   | Reached skill level 10 in Hexes
  8563 | Bailey   | Acquired the amulet "Xoippuq" {Regen+ rCorr}
  8788 | Bailey   | Reached skill level 5 in Dodging
  8886 | Bailey   | Found an iron altar of Okawaru.
  8886 | Bailey   | Noticed an orc high priest
  8902 | Bailey   | Killed an orc high priest
  8903 | Bailey   | Reached skill level 10 in Spellcasting
  8903 | Bailey   | Reached XP level 10. HP: 48/48 MP: 23/25
  9206 | D:8      | Reached skill level 12 in Stealth
  9520 | D:8      | Killed Joseph
  9522 | D:8      | Killed a two-headed ogre
  9523 | D:8      | Reached skill level 5 in Short Blades
  9657 | D:8      | Reached *** piety under Dithmenos
  9663 | D:8      | Noticed Erica
  9676 | D:8      | Killed Erica
 10011 | D:9      | Noticed a gargoyle
 10028 | D:9      | Killed a gargoyle
 10068 | D:9      | Reached XP level 11. HP: 41/53 MP: 26/26
 10130 | D:9      | Found a hide-covered altar of Uskayaw.
 10181 | D:9      | Reached skill level 13 in Stealth
 10406 | D:9      | Found a bloodstained altar of Trog.
 10806 | D:10     | Entered Level 10 of the Dungeon
 10832 | D:10     | Noticed Nergalle
 10848 | D:10     | Killed Nergalle
 10991 | D:10     | Noticed a two-headed ogre
 10998 | D:10     | Killed a two-headed ogre
 11049 | D:10     | Lost mutation: Your spells are a little harder to cast, but
                  | a little more powerful. [potion of mutation]
 11049 | D:10     | Lost mutation: Armour fits poorly on your strangely shaped
                  | body. [potion of mutation]
 11049 | D:10     | Gained mutation: You have hidden genetic potential. [potion
                  | of mutation]
 11049 | D:10     | Gained mutation: Your flesh is cold resistant. (rC+)
                  | [potion of mutation]
 11192 | D:10     | Found a staircase to the Lair.
 11229 | D:10     | Noticed Urug
 11235 | D:10     | Killed Urug
 11442 | D:11     | Noticed a seven-headed hydra
 11772 | D:11     | Killed a seven-headed hydra
 11963 | D:11     | Reached **** piety under Dithmenos
 12039 | D:11     | Reached skill level 14 in Stealth
 12103 | D:11     | Reached skill level 5 in Fighting
 12190 | D:11     | Found a runed translucent gate.
 12191 | D:11     | Found a runed translucent gate.
 12205 | D:11     | Found a runed translucent gate.
 12207 | D:11     | Identified the +8 plate armour of the Invisible Hand {Drain
                  | rPois rC+}
 12216 | D:11     | Noticed Solarlight's ghost (journeyman DsFi)
 12435 | D:12     | Noticed Erolcha
 12438 | D:12     | Killed Erolcha
 12474 | D:12     | Reached XP level 12. HP: 60/60 MP: 28/28
 13048 | D:12     | Found a staircase to the Orcish Mines.
 13068 | D:12     | Reached ***** piety under Dithmenos
 13268 | D:12     | Noticed a boulder beetle
 13270 | D:12     | Killed a boulder beetle
 13279 | D:12     | Gained mutation: You possess an exceptional clarity of
                  | mind. [hidden potential]
 14039 | D:13     | Reached skill level 15 in Stealth
 14758 | D:13     | Reached skill level 10 in Dodging
 15156 | D:13     | Noticed a vault guard
 15161 | D:13     | Killed a vault guard
 15185 | D:13     | Noticed an ogre mage
 15186 | D:13     | Noticed a vault guard
 15196 | D:13     | Noticed a vault guard
 15307 | D:13     | Noticed a vault guard
 15366 | D:13     | Killed a vault guard
 15378 | D:13     | Killed a vault guard
 15655 | D:13     | Noticed a death knight
 15665 | D:13     | Killed a death knight
 15778 | D:13     | Noticed Rupert
 15786 | D:13     | Killed Rupert
 15787 | D:13     | Reached XP level 13. HP: 61/65 MP: 25/30
 15859 | D:13     | Found a portal to a secret trove of treasure.
 15957 | D:13     | Found a gate to the Vaults.
 16075 | D:14     | Gained mutation: Your flesh is heat resistant. (rF+)
                  | [hidden potential]
 16075 | D:14     | Lost mutation: You have hidden genetic potential. [hidden
                  | potential expressed]
 16095 | D:14     | Reached skill level 16 in Stealth
 16216 | D:14     | Found a radiant altar of Vehumet.
 17048 | Lair:1   | Entered Level 1 of the Lair of Beasts
 19130 | Lair:3   | Found a staircase to the Swamp.
 19294 | Lair:3   | Found a gate leading to a gauntlet.
 19302 | Gauntlet | Entered a Gauntlet
 19302 | Gauntlet | Found a transporter.
 19302 | Gauntlet | Found a transporter.
 19362 | Gauntlet | Found a transporter.
 19362 | Gauntlet | Found a transporter.
 19364 | Gauntlet | Found a large runed translucent door.
 19365 | Gauntlet | Found a large runed translucent door.
 19366 | Gauntlet | Found a large runed translucent door.
 19366 | Gauntlet | Found a large runed translucent door.
 19366 | Gauntlet | Found a runed translucent door.
 19366 | Gauntlet | Found a runed translucent door.
 19367 | Gauntlet | Found a large runed translucent door.
 19367 | Gauntlet | Found a large runed translucent door.
 19367 | Gauntlet | Found a large runed translucent door.
 19367 | Gauntlet | Found a large runed translucent door.
 19368 | Gauntlet | Found a large runed translucent door.
 19369 | Gauntlet | Found a large runed translucent door.
 19369 | Gauntlet | Found a transporter.
 19382 | Gauntlet | Found a large runed translucent door.
 19382 | Gauntlet | Found a large runed translucent door.
 19383 | Gauntlet | Found a large runed translucent door.
 19383 | Gauntlet | Found a large runed translucent door.
 19383 | Gauntlet | Found a large runed translucent door.
 19383 | Gauntlet | Found a large runed translucent door.
 19386 | Gauntlet | Found a runed translucent gate.
 19386 | Gauntlet | Found a runed translucent gate.
 19386 | Gauntlet | Found a runed translucent gate.
 19388 | Gauntlet | Found a transporter.
 19398 | Gauntlet | Found a transporter.
 19398 | Gauntlet | Found a transporter.
 19398 | Gauntlet | Noticed a blizzard demon
 19404 | Gauntlet | Found a transporter.
 19433 | Gauntlet | Found a transporter.
 19442 | Gauntlet | Found a transporter.
 19464 | Gauntlet | Found a transporter.
 19498 | Gauntlet | Found a transporter.
 19516 | Gauntlet | Found a transporter.
 19615 | Gauntlet | Found a transporter.
 19631 | Gauntlet | Found a transporter.
 19825 | Gauntlet | Identified the ring "Ulaileekk" {rC++ EV+4 Str-2 Dex+4}
 19836 | Gauntlet | Acquired the +8 Vampire's Tooth {vamp}
 19836 | Gauntlet | Found the +8 Vampire's Tooth {vamp}
 19863 | Gauntlet | Identified the ring "Cottusm" {rPois rN+}
 19865 | Gauntlet | Identified the ring of Colop {rPois AC+4 Dex+2}
 19880 | Gauntlet | Noticed a minotaur
 19915 | Gauntlet | Killed a minotaur
 19930 | Gauntlet | Got the Discourse on Enchantment and Translocation
 19994 | Lair:3   | Found a staircase to the Snake Pit.
 20031 | Lair:3   | Reached skill level 17 in Stealth
 20077 | Lair:3   | Learned a level 7 spell: Enfeeble
 20079 | Lair:3   | Learned a level 1 spell: Apportation
 20083 | Lair:3   | Learned a level 3 spell: Stone Arrow
 20157 | Lair:3   | Reached skill level 10 in Short Blades
 20457 | Lair:3   | Reached XP level 14. HP: 61/70 MP: 32/32
 20896 | Lair:4   | Found a dark tunnel.
 20908 | Volcano  | Entered a volcano
 21164 | Lair:4   | Found a staircase to the Slime Pits.
 21723 | Lair:5   | Entered Level 5 of the Lair of Beasts
 22691 | Lair:4   | Reached skill level 18 in Stealth
 23303 | Lair:5   | Got the Catalogue of the Coarse Figure
 23762 | Orc:1    | Entered Level 1 of the Orcish Mines
 23812 | Orc:1    | Reached XP level 15. HP: 78/78 MP: 34/34
 23812 | Orc:1    | Reached skill level 15 in Spellcasting
 23812 | Orc:1    | Reached skill level 15 in Hexes
 23812 | Orc:1    | Reached XP level 16. HP: 82/82 MP: 34/36
 24039 | Orc:2    | Entered Level 2 of the Orcish Mines
 24089 | Orc:2    | Reached ****** piety under Dithmenos
 24098 | Orc:2    | Found a staircase to the Elven Halls.
 24153 | Orc:2    | Found Esisuof's Antique Armour Shop.
 24732 | Orc:2    | Found Hurhiyst's Assorted Antiques.
 24736 | Orc:2    | Found Timub's Antique Weapon Shoppe.
 24757 | Orc:2    | Found Puangemo's Antique Weapon Shoppe.
 24817 | Orc:2    | Bought a potion of might for 140 gold pieces
 24817 | Orc:2    | Bought a potion of flight for 105 gold pieces
 25015 | Orc:2    | Found Lahegoet's Book Shop.
 25191 | D:15     | Entered Level 15 of the Dungeon
 25281 | D:15     | Noticed Nessos
 25288 | D:15     | Noticed Jorgrun
 25567 | D:15     | Found a staircase to the Depths.
 25602 | D:15     | Killed Jorgrun
 25613 | D:15     | Reached skill level 19 in Stealth
 25991 | D:15     | Noticed Josephine
 25998 | D:15     | Killed Josephine
 26078 | D:15     | Acquired the +3 crown of Dyrovepreva {rElec Int+2 SInv}
 26078 | D:15     | Found the +3 crown of Dyrovepreva {rElec Int+2 SInv}
 26293 | D:15     | Found a frozen archway.
 26534 | D:15     | Killed Nessos
 26752 | Snake:1  | Entered Level 1 of the Snake Pit
 27017 | Snake:1  | Noticed Agnes
 27019 | Snake:1  | Killed Agnes
 27286 | Snake:1  | Noticed Aizul
 27298 | Snake:1  | Killed Aizul
 27998 | Snake:2  | Learned a level 4 spell: Cause Fear
 28007 | Snake:2  | Learned a level 8 spell: Discord
 28024 | Snake:2  | Found a sparkling altar of Nemelex Xobeh.
 28199 | Snake:2  | Reached XP level 17. HP: 88/88 MP: 38/38
 29239 | Snake:3  | Identified the +7 spear of Tenacity {flame, rPois rF+ Int+2
                  | Dex-2}
 29973 | Snake:4  | Entered Level 4 of the Snake Pit
 30523 | Snake:4  | Found Boen's Antique Armour Emporium.
 30611 | Snake:4  | Noticed Vashnia
 30625 | Snake:4  | Killed Vashnia
 31048 | Snake:4  | Found Tahaybbe's General Store.
 31341 | Snake:4  | Found an ancient bone altar of Kikubaaqudgha.
 31514 | Snake:4  | Reached skill level 15 in Dodging
 31809 | Snake:4  | Reached skill level 20 in Stealth
 31843 | Snake:4  | Reached XP level 18. HP: 93/93 MP: 3/42
 32197 | Snake:4  | Got a serpentine rune of Zot
 32234 | Snake:4  | Identified the +1 leather armour of Bitterness {Harm Drain
                  | Fly Int+3}
 32502 | Swamp:1  | Entered Level 1 of the Swamp
 32642 | Swamp:1  | Reached skill level 10 in Fighting
 32863 | Swamp:1  | Acquired 563 gold pieces
 33246 | Swamp:2  | Found an ancient bone altar of Kikubaaqudgha.
 34164 | Swamp:3  | Noticed a tentacled monstrosity
 34337 | Swamp:2  | Killed a tentacled monstrosity
 34777 | Swamp:4  | Entered Level 4 of the Swamp
 35288 | Swamp:4  | Reached skill level 21 in Stealth
 35902 | Swamp:4  | Got a decaying rune of Zot
 36160 | Vaults:1 | Entered Level 1 of the Vaults
 36240 | Vaults:1 | Found Wegoseb's Armour Shop.
 36419 | Vaults:1 | Identified the +3 falchion of Evougepn {spect, Stlth+}
 36543 | Vaults:1 | Reached XP level 19. HP: 99/99 MP: 44/44
 37577 | Vaults:1 | You fall into a shaft and drop 1 floor!
 37584 | Vaults:2 | Learned a level 5 spell: Lee's Rapid Deconstruction
 37617 | Vaults:2 | Reached skill level 1 in Earth Magic
 37682 | Vaults:2 | Found a crumbling gateway.
 37689 | Desolati | Entered the Desolation of Salt
 37718 | Desolati | Found the +7 lajatang of Order {silver, rMut}
 38028 | Desolati | Reached skill level 5 in Earth Magic
 38538 | Desolati | Identified the +8 flail of the Thirsty Lovers {spect, Drain
                  | Int+3}
 38587 | Desolati | Identified the +5 morningstar of Xarog {freeze, rCorr Str-2
                  | Int+4}
 38589 | Desolati | Got the Octavo of the Telluric Legion
 38591 | Desolati | Identified the +3 scale mail of the Land of Plenty {Rampage
                  | Dex+6}
 38594 | Desolati | Identified the +3 troll leather armour of Fesmipt {Harm
                  | *Corrode rF++ Regen+}
 38904 | Desolati | Reached skill level 10 in Earth Magic
 39623 | Vaults:2 | Reached skill level 22 in Stealth
 40026 | Vaults:2 | Reached XP level 20. HP: 105/105 MP: 45/45
 40470 | Vaults:2 | Found a staircase to the Crypt.
 40470 | Vaults:2 | Found an ancient bone altar of Kikubaaqudgha.
 40471 | Vaults:2 | Found a basalt altar of Yredelemnul.
 40810 | Vaults:3 | Noticed Mara
 40812 | Vaults:3 | Killed Mara
 41549 | Vaults:3 | Reached skill level 23 in Stealth
 41551 | Vaults:3 | Noticed Margery
 41565 | Vaults:3 | Killed Margery
 41856 | Vaults:3 | Identified the +11 shortbow of Division {flame, Fragile
                  | MP+9 Dex+8}
 41986 | Vaults:3 | Noticed Bai Suzhen
 41996 | Vaults:3 | Killed Bai Suzhen
 42280 | Vaults:3 | Noticed Saint Roka
 42289 | Vaults:3 | Killed Saint Roka
 42972 | Vaults:4 | Noticed Boris
 42985 | Vaults:4 | Killed Boris
 43923 | Vaults:4 | Noticed Zenata
 43940 | Vaults:4 | Killed Zenata
 43941 | Vaults:4 | Reached XP level 21. HP: 66/112 MP: 42/47
 44580 | Vaults:4 | HP: 1/168 [titan (16)]
 44585 | Vaults:4 | Killed from afar by a titan

Illustrated notes

Levels and vault maps discovered:
D:1:      minmay_arrival_hallway, layout_loops_corners, grunt_decor_junction,
          amethyst_killhole
D:2:      layout_loops_ring, hellmonk_ecumenical_altar_crossroads,
          minmay_circle_x
D:3:      layout_basic, nicolae_qazlal_scattered_showers, grunt_decor_clamped,
          amcnicky_mini_rare_corridor_liquid, nicolae_hexahallways,
          minmay_between
D:4:      wad_pebble_path, layout_rooms, xom_teletrap_fun,
          minmay_temple_entry_statues_fountains
D:5:      layout_basic, chequers_temple_overflow_minitemple,
          mainiacjoe_overflow_alcove_1, grunt_gozag_statues,
          general_overflow_altar
D:6:      layout_basic, grunt_temple_overflow_holy_war,
          mainiacjoe_overflow_swirl, uniq_blork_the_orc
D:7:      layout_loops_ring
D:8:      minmay_distorted_concentric_squares, layout_cave_pools,
          enter_bailey_3, uniq_joseph, uniq_erica
D:9:      layout_basic, bloody_trog, nicolae_uskayaw_dance_hall,
          minmay_chambers_of_fives
D:10:     layout_basic, lair_entry_dummy, fungi_pond_lemuel, uniq_nergalle,
          uniq_urug
D:11:     layout_roguey, biasface_ghost_orc_armoury
D:12:     layout_loops_ring, zombieorc1_lemuel, disabler_island, uniq_erolcha
D:13:     layout_small_grid, grunt_vaults_entry_fortified,
          trove_entry_hex_spiral, abandoned_shop,
          chequers_serial_rivers_micro_c, uniq_rupert
D:14:     layout_basic, nicolae_vehumet_altar_sigil
D:15:     hangedman_depths_entry_civil_slaughter, layout_stronghold,
          solitary_fountain, portal_ice_cave_entry_pillars_four, uniq_nessos,
          uniq_jorgrun, uniq_josephine
Temple:   nicolae_temple_bog_church
Lair:1:   layout_loops_ring, chequers_serial_rivers_micro_a,
          infiniplex_staircase_pool_2
Lair:2:   layout_layer_cave, lemuel_fruit_tree
Lair:3:   layout_roguey, skrybe_swamp_entry_bodies, guppyfry_snake_entry_garden,
          gauntlet_entry_generic
Lair:4:   layout_roguey, dpeg_slime_entry_corner, enter_volcano_3,
          serial_bayou_lake_a
Lair:5:   gammafunk_lair_ancient_temple, layout_gridlike
Swamp:1:  layout_falls_marsh, evilmike_swamp_ruin_wall, swamp_pool3
Swamp:2:  layout_basic_swamp, lemuel_altar_in_water, nicolae_swamp_bunyip_nook
Swamp:3:  layout_falls_marsh, nicolae_swamp_some_circles, swamp_pool5
Swamp:4:  swamp_basic_johnstein, layout_basic_swamp
Snake:1:  layout_layer_cave, grunt_megastairs_2, uniq_agnes, uniq_aizul
Snake:2:  layout_onion_interference, basic_altar, drop_trap,
          serial_bayou_shore_a
Snake:3:  layout_chambers, nicolae_integral_box
Snake:4:  grunt_snake_rune_serpentine_throne, layout_cave_pods, serial_shops,
          shop, nicolae_shop_crystal, basic_altar, uniq_vashnia
Orc:1:    layout_caves, library_closet
Orc:2:    hellmonk_orc_salted, layout_caves, basic_altar, serial_shops, shop
Vaults:1: nicolae_vaults_big_ls, ontoclasm_vaults_ring_large,
          ontoclasm_vaults_eye, layout_vaults_omnigrid, serial_shops, shop
Vaults:2: portal_desolation_entry_nicolae_nacl, vaults_mumra_lcd,
          vaults_room_guarded_vault, hangedman_vaults_nails, v_misc_18,
          v_pattern_3, vaults_mumra_minichess, minmay_crypt_entry_necro_gods,
          hangedman_vaults_corner_blocks, nicolae_vaults_network_quinsquares
          [nicolae_vaults_network_quincunx_subvault,
          nicolae_vaults_network_quincunx_subvault,
          nicolae_vaults_network_quincunx_subvault,
          nicolae_vaults_network_quincunx_subvault], v_misc_3,
          nicolae_vaults_gold_heap, v_misc_22, v_alt_pattern_4,
          layout_vaults_maze
Vaults:3: v_alt_pattern_1, nicolae_vaults_murderbox, nicolae_vaults_network_s,
          dpeg_vaults_monster_box, ontoclasm_vaults_chip,
          vaults_standard_mumra_lines, vaults_room_fancy_cross,
          ontoclasm_vaults_ring_small, hangedman_vaults_maws,
          hangedman_vaults_hat, vaults_room_pool, layout_vaults_big_room,
          uniq_mara, uniq_bai_suzhen, uniq_saint_roka, uniq_margery
Vaults:4: hangedman_vaults_corner, hangedman_vaults_stagger,
          vaults_mumra_chevron_long, nicolae_vaults_little_squares_4,
          vaults_room_hallway, vaults_standard_mumra_x,
          ontoclasm_vaults_gateway, st_squares, grunt_vaults_twisty,
          nicolae_vaults_ninety_degrees, layout_vaults_omnibox, uniq_zenata,
          uniq_boris

Skill      XL: |  1  2  3  4  5  6  7  8  9 10 11 12 13 14 15 16 17 18 19 20 |
---------------+-------------------------------------------------------------+-----
Spellcasting   | 3 4 5 6 7 8 10 11 12 13 14 15 16 19 20 21 | 21.7
Hexes          | 4 5 6 7 9 10 11 12 13 14 15 16 19 20 21 | 21.7
Stealth        | 5 6 8 10 11 12 14 15 17 18 19 20 21 22 23 | 23.8
Dodging        | 5 7 9 10 12 13 14 15 16 17 18 | 18.9
Fighting       | 2 4 5 6 7 8 9 10 11 12 | 12.5
Short Blades   | 4 5 7 8 10 11 12 | 12.0
Earth Magic    | 11 | 11.0

Action                   |  1- 3 |  4- 6 |  7- 9 | 10-12 | 13-15 | 16-18 | 19-21 || total
-------------------------+-------+-------+-------+-------+-------+-------+-------++-------
Melee: Dagger            |   120 |   109 |   286 |   651 |   270 |       |       ||  1436
       Punch             |     2 |     1 |     5 |     9 |    18 |    25 |    22 ||    82
       Quick blade       |       |       |       |       |   782 |  1797 |   883 ||  3462
Throw: Dart              |       |       |       |       |     1 |       |       ||     1
 Cast: Ensorcelled Hiber |       |    13 |    34 |    51 |    62 |    99 |    37 ||   296
       Tukima's Dance    |       |     3 |    20 |    66 |     7 |    45 |    10 ||   151
       Confusing Touch   |       |     2 |     5 |    30 |    12 |    29 |    30 ||   108
       Dazzling Flash    |       |       |       |       |    35 |    48 |    11 ||    94
       Discord           |       |       |       |       |       |    22 |    45 ||    67
       Cause Fear        |       |       |       |       |       |     2 |     1 ||     3
       Enfeeble          |       |       |       |       |       |     1 |       ||     1
       Lee's Rapid Decon |       |       |       |       |       |       |    46 ||    46
Invok: Shadow Step       |       |       |       |     5 |     2 |     9 |     4 ||    20
Evoke: Wand              |       |       |     1 |    23 |     9 |    16 |       ||    49
       Box of beasts     |       |       |       |       |     2 |       |       ||     2
  Use: Scroll            |     8 |     4 |    15 |    12 |     8 |    17 |     7 ||    71
       Potion            |     2 |     1 |     3 |     5 |     6 |    10 |     4 ||    31
 Stab: Sleeping          |    13 |    13 |    31 |    53 |    61 |   157 |   103 ||   431
       Distracted        |       |     1 |     1 |     4 |     5 |    19 |    12 ||    42
       Confused          |       |       |     5 |    26 |    11 |    34 |    41 ||   117
       Invisible         |       |       |     7 |       |    21 |    36 |     2 ||    66
Armor: Robe              |    19 |    28 |    59 |    33 |       |       |       ||   139
       Steam dragon scal |       |       |       |    75 |   128 |   216 |    43 ||   462
Dodge: Dodged            |    61 |    60 |   207 |   597 |   655 |  1302 |   494 ||  3376
Block: Other             |    10 |    18 |    69 |       |       |       |       ||    97
       Reflection        |       |       |     1 |       |       |       |       ||     1

Table legend: (Time is in decaauts)
 A = Elapsed time spent in this place.
 B = Non-inter-level travel time spent in this place.
 C = Inter-level travel time spent in this place.
 D = Time resting spent in this place.
 E = Time spent auto-exploring this place.
 F = Levels seen in this place.
 G = Mean time per level.
                   A        B        C        D        E       F      G
               +--------+--------+--------+--------+--------+-----+--------+
         Total |  31422 |  30019 |   1403 |   4116 |  18019 |  39 |  805.7 |
       Dungeon |  12594 |  12018 |    576 |   1401 |   7856 |  15 |  839.6 |
        Temple |     66 |     58 |      8 |      0 |     36 |   1 |   66.0 |
          Lair |   3841 |   3480 |    361 |    234 |   2146 |   5 |  768.2 |
         Swamp |   2755 |   2575 |    180 |    272 |   1520 |   4 |  688.8 |
     Snake Pit |   3565 |   3405 |    160 |    248 |   2242 |   4 |  891.2 |
  Orcish Mines |    813 |    775 |     38 |     94 |    420 |   2 |  406.5 |
        Vaults |   4790 |   4714 |     76 |   1024 |   2607 |   4 | 1197.5 |
        Bailey |   1334 |   1334 |      0 |    642 |    341 |   1 | 1334.0 |
       Volcano |    109 |    109 |      0 |      0 |     62 |   1 |  109.0 |
    Desolation |   1161 |   1161 |      0 |    170 |    563 |   1 | 1161.0 |
      Gauntlet |    388 |    388 |      0 |     28 |    220 |   1 |  388.0 |
               +--------+--------+--------+--------+--------+-----+--------+

Top non-repeatable levels by time:
    D:12: 1757 daAuts
 Snake:4: 1650 daAuts
Vaults:3: 1577 daAuts
  Bailey: 1334 daAuts
Vaults:4: 1243 daAuts
    D:13: 1227 daAuts
Desolation: 1161 daAuts
     D:5: 1078 daAuts
Vaults:2: 1055 daAuts
     D:8: 930 daAuts
  Lair:4: 927 daAuts
  Lair:2: 922 daAuts
Vaults:1: 914 daAuts
     D:1: 865 daAuts
     D:6: 840 daAuts
